 Dungeon Crawl Stone Soup version 0.28-a0-1613-gdaab1c2f9b (webtiles) character file.

Game seed: 4388966016492312692

11 murtidash the Gusty (level 2, 15/15 HPs)
             Began as a Tengu Air Elementalist on Jan 21, 2022.
             Was a Follower of Makhleb.
             Quit the game on level 1 of the Dungeon.
             The game lasted 00:01:24 (991 turns).

murtidash the Gusty (Tengu Air Elementalist)         Turns: 991, Time: 00:01:24

Health: 15/15      AC:  2    Str:  8    XL:     2   Next: 25%
Magic:  6/6        EV: 12    Int: 15    God:    Makhleb [*.....]
Gold:   17         SH:  0    Dex: 14    Spells: 2/5 levels left

rFire   . . .      SeeInvis .   (no weapon)
rCold   . . .      Faith    .   (no shield)
rNeg    . . .      Spirit   .   a - +0 robe
rPois   .          Reflect  .   (helmet restricted)
rElec   .          Harm     .   (no cloak)
rCorr   .          Rampage  .   (no gloves)
Will    .....                   (boots unavailable)
Stlth   ++........              (no amulet)
HPRegen 0.05/turn               (no ring)
MPRegen 0.10/turn               (no ring)

@: no status effects
A: beak, talons 3
a: Renounce Religion


You were on level 1 of the Dungeon.
You worshipped Makhleb.
Makhleb was aware of your devotion.
You visited 1 branch of the dungeon, and saw 1 of its levels.

You collected 17 gold pieces.

Inventory:

Armour
 a - a +0 robe (worn)
Jewellery
 g - a +4 ring of slaying
   (You found it on level 1 of the Dungeon)
Scrolls
 b - 2 scrolls of noise {unknown}
 c - 2 scrolls of vulnerability {unknown}
 e - a scroll of brand weapon {unknown}
 f - a scroll of fog {unknown}
 h - a scroll of holy word {unknown}
 i - a scroll of immolation {!r}
Potions
 d - a potion of degeneration {unknown}


   Skills:
 - Level 2.1 Dodging
 - Level 2.0 Stealth
 + Level 2.2 Spellcasting
 + Level 2.0 Conjurations
 + Level 4.3 Air Magic


You had 2 spell levels left.
You knew the following spells:

 Your Spells              Type           Power      Damage    Failure   Level
a - Shock                 Conj/Air       44%        1d5       6%          1
Z - Static Discharge      Conj/Air       11%        N/A       9%          2

Your spell library contained the following spells:

 Spells                   Type           Power      Damage    Failure   Level
 Swiftness                Air            14%        N/A       11%         3
 Airstrike                Air            7%         N/A       36%         4
 Iskenderun's Battlesphe  Conj           7%         2d6       95%         5
 Iron Shot                Conj/Erth      2%         9d2       100%        6
 Spellforged Servitor     Conj/Summ      2%         N/A       100%        7


Dungeon Overview and Level Annotations

Branches:
Dungeon (1/15)

Altars:
Makhleb


Innate Abilities, Weirdness & Mutations

You have a beak for a mouth.
You have claws for feet.


Message History

The zap hits the goblin.
You kill the goblin!
You now have 3/4 mp.
You can't see any susceptible monsters within range! (Use Z to cast anyway.)
You can't see any susceptible monsters within range! (Use Z to cast anyway.)
Things that are here:
a +0 dagger; a goblin corpse; MP restored: 4 You now have 7 gold pieces.
b - 2 scrolls labelled ATERUMUXTO (gained 1)
c - 2 scrolls labelled EMOUPE KO ECK You pick up a book of Power and begin reading...
You add the spells Iskenderun's Battlesphere, Iron Shot and Spellforged Servitor to your library.
Okay, then.
Okay, then.
d - a viscous pink potion As you open the door, it creaks loudly!
There is an open door here.
A bat comes into view.
Aim: a bat (52% to hit)
The zap hits the bat.
You kill the bat!
You now have 3/4 mp.
You can't see any susceptible monsters within range! (Use Z to cast anyway.)
You can't see any susceptible monsters within range! (Use Z to cast anyway.)
You can't see any susceptible monsters within range! (Use Z to cast anyway.)
You see here a +0 dagger.
You open the door.
There is an open door here.
A bat comes into view.
MP restored: 4
Aim: a bat (asleep, 100% to hit)
The zap hits the bat.
You kill the bat!
You have reached level 2!
Health restored: 15
Found a stone staircase leading down.
MP restored: 6 You open the door.
There is an open door here.
You now have 17 gold pieces (gained 10).
As you open the door, it creaks loudly!
There is an open door here.
Found a stone staircase leading down.
Memorise Static Discharge, consuming 2 spell levels and leaving 2?
You start memorising the spell.
You continue memorising. x2
You finish memorising.
Spell assigned to 'Z'.
e - a scroll labelled OBEZEG JUALAC
f - a scroll labelled DOX DIUR LUVY A dart slug comes into view.
Aim: a dart slug (asleep, 100% to hit)
The zap hits the dart slug.
You now have 5/6 mp.
Aim: a dart slug (heavily wounded, 100% to hit)
The zap hits the dart slug.
You now have 4/6 mp.
Aim: a dart slug (severely wounded, 100% to hit)
You miscast Shock.
You are very lightly contaminated with residual magic.
Nothing appears to happen.
You now have 3/6 mp.
Aim: a dart slug (severely wounded, 100% to hit)
The zap hits the dart slug.
You now have 2/6 mp.
Aim: a dart slug (almost dead, 100% to hit)
The zap hits the dart slug.
You kill the dart slug!
Your Conjurations skill increases to level 2!
You now have 1/6 mp.
You can't see any susceptible monsters within range! (Use Z to cast anyway.)
You can't see any susceptible monsters within range! (Use Z to cast anyway.)
Your magical contamination has completely faded away.
A goblin comes into view. It is wielding a +0 club.
You see here a +4 ring of slaying.
MP restored: 6
Aim: a goblin, wielding a +0 club (asleep, 100% to hit)
The zap hits the goblin.
You kill the goblin!
You now have 5/6 mp.
You can't see any susceptible monsters within range! (Use Z to cast anyway.)
You can't see any susceptible monsters within range! (Use Z to cast anyway.)
You can't see any susceptible monsters within range! (Use Z to cast anyway.)
g - a +4 ring of slaying MP restored: 6
Things that are here:
a +0 club; a goblin corpse
Things that are here:
a +0 club; a goblin corpse
h - a scroll labelled CUUM GEHUTULY
Found a faded altar of an unknown god.
Done exploring.
There is a faded altar of an unknown god here.
You see here a scroll of immolation {!r}.
i - a scroll of immolation {!r} Done exploring.
You cannot tell which god this altar belongs to.
Convert to them anyway?
Okay, then.
You cannot tell which god this altar belongs to.
Convert to them anyway?
Makhleb accepts your prayer! Makhleb welcomes you!
You can now gain health from killing.

### ########.#
#.########......#.#
#...............#.###
#..#...#+.#.##......#
#..#.#...#.##...#####
#..#....#.......#
#...#..#..#.....#
#........#......#
#.......@..###.##
#.....#......#.#
#.....##....##.##
###..#........#...#########
#......#..#...#............
####.....#...#...##########
#.............#
###############


There were no monsters in sight!

Vanquished Creatures
  A dart slug (D:1)
  A ball python (D:1)
  2 bats (D:1)
  2 goblins (D:1)
  A hobgoblin (D:1)
7 creatures vanquished.

Notes
Turn   | Place    | Note
-------+----------+-------------------------------------------
     0 | D:1      | murtidash the Tengu Air Elementalist began the quest for
                  | the Orb.
     0 | D:1      | Reached XP level 1. HP: 10/10 MP: 4/4
   242 | D:1      | Reached XP level 2. HP: 15/15 MP: 4/6
   412 | D:1      | Learned a level 2 spell: Static Discharge
   481 | D:1      | Reached skill level 2 in Conjurations
   728 | D:1      | Found a faded altar of an unknown god.
   990 | D:1      | Prayed at the altar of an unknown god.
   990 | D:1      | Became a worshipper of Makhleb the Destroyer
   990 | D:1      | Reached * piety under Makhleb
   991 | D:1      | Quit the game

Illustrated notes

Levels and vault maps discovered:
D:1:      sevenhm_arrival_forest_fort_small_3, layout_basic,
          hellmonk_ecumenical_altar_blasted, minivault_25

Skill      XL: |  1  2 |
---------------+-------+-----
Conjurations   | 2 |  2.0
Dodging        | |  2.1
Stealth        | |  2.0
Spellcasting   | |  2.2
Air Magic      | |  4.3

Action                   || total
-------------------------++-------
 Cast: Shock             ||    12

Table legend: (Time is in decaauts)
 A = Elapsed time spent in this place.
 B = Non-inter-level travel time spent in this place.
 C = Inter-level travel time spent in this place.
 D = Time resting spent in this place.
 E = Time spent auto-exploring this place.
 F = Levels seen in this place.
 G = Mean time per level.
                   A        B        C        D        E       F      G
               +--------+--------+--------+--------+--------+-----+--------+
         Total |    991 |    991 |      0 |      0 |    945 |   1 |  991.0 |
       Dungeon |    991 |    991 |      0 |      0 |    945 |   1 |  991.0 |
               +--------+--------+--------+--------+--------+-----+--------+

Top non-repeatable levels by time:
     D:1: 991 daAuts

Table legend:
 A = Kills in this place as a percentage of kills in entire the game.
 B = Kills by you in this place as a percentage of kills by you in the entire game.
 C = Kills by friends in this place as a percentage of kills by friends in the entire game.
 D = Other kills in this place as a percentage of other kills in the entire game.
 E = Experience gained in this place as a percentage of experience gained in the entire game.
 F = Experience gained in this place divided by the number of levels of this place that you have seen.
                   A       B       C       D       E      F
               +-------+-------+-------+-------+-------+----------------------
         Total | 100.0 | 100.0 |   N/A |   N/A | 100.0 |  16.0
       Dungeon | 100.0 | 100.0 |   N/A |   N/A | 100.0 |  16.0
               +-------+-------+-------+-------+-------+----------------------
